 Dungeon Crawl Stone Soup version 0.19.0-24-gb05acd6 (webtiles) character file.

5 Alarkh the Caller (level 1, 0/13 HPs)
             Began as a Mummy Summoner on Nov 22, 2016.
             Slain by a bat (1 damage)
             ... on level 1 of the Dungeon.
             The game lasted 00:01:15 (699 turns).

Alarkh the Caller (Mummy Summoner)                   Turns: 699, Time: 00:01:15

Health: 0/13       AC:  2    Str: 11    XL:     1   Next: 66%
Magic:  0/3        EV: 12    Int: 14    God:
Gold:   24         SH:  0    Dex: 12    Spells: 1 memorised, 3 levels left

rFire  x . .     SeeInvis .     (no weapon)
rCold  + . .     Gourm    .     a - +0 robe
rNeg   + + +     Faith    .     (no shield)
rPois  ∞         Spirit   .     (no helmet)
rElec  .         Reflect  .     (no cloak)
rCorr  .         Harm     .     (no gloves)
MR     .....                    (no boots)
Stlth  ++........               (no amulet)
                                (no ring)
                                (no ring)

@: very slightly contaminated
A: no food or potions, fire vulnerability, cold resistance 1, negative energy
resistance 3, torment resistance, unbreathing
a: no special abilities


You were on level 1 of the Dungeon.
You were not hungry.

You visited 1 branch of the dungeon, and saw 1 of its levels.

You collected 24 gold pieces.

Inventory:

Armour
 a - a +0 robe (worn)
Scrolls
 c - a scroll of identify {unknown}
 d - a scroll of random uselessness {unknown}
Books
 b - a book of Callings

   Spells                             Type                      Level
   a - Summon Small Mammal            Summoning                    1
   b - Call Imp                       Summoning                    2
   c - Call Canine Familiar           Summoning                    3
   d - Summon Guardian Golem          Hexes/Summoning              3
   e - Summon Lightning Spire         Summoning/Air                4
   f - Summon Ice Beast               Ice/Summoning                4


   Skills:
 - Level 1.5 Dodging
 - Level 1.5 Stealth
 + Level 2.1 Spellcasting
 + Level 3.4 Summonings


You had 3 spell levels left.
You knew the following spells:

 Your Spells              Type           Power        Failure   Level  Hunger
a - Summon Small Mammal   Summ           ##..         10%         1    N/A

Dungeon Overview and Level Annotations

Branches:
Dungeon (1/15)

Altars:


Innate Abilities, Weirdness & Mutations

You do not eat or drink.
Your flesh is vulnerable to fire.
You are immune to poison.
Your flesh is cold resistant. (rC+)
You are immune to negative energy. (rN+++)
You are immune to unholy pain and torment.
You can survive without breathing.


Message History

Your bat closely misses the hobgoblin.
The hobgoblin hits you with a club!
Ouch! That really hurt!
* * * LOW HITPOINT WARNING * * *
Your rat misses the hobgoblin.
Your rat bites the hobgoblin but does no damage.
Your bat hits the hobgoblin but does no damage.
A bat comes into view.
Your bat barely misses the hobgoblin.
The bat moves out of view.
Your bat closely misses the hobgoblin.
Your bat hits the hobgoblin but does no damage.
The bat barely misses you. The bat barely misses you.
The bat barely misses you. Something barely misses your rat. The bat hits you.
* * * LOW HITPOINT WARNING * * *
Casting: Summon Small Mammal
Confirm with . or Enter, or press ? or * to list all spells.
You miscast Summon Small Mammal.
You are very lightly contaminated with residual magic.
Nothing appears to happen.
The bat misses you. The bat hits you.
You die...

#....##...... +....'.......
#....#....... #.......... ..#♣#
#........ #.##.♣ #
###......####### #.#P#<
.###.##......rg....... #.##P.
.............#r######### #.#P♣.
.###.##.#..r.#.b@....... #.#♣.. #
##.#....###########.###.#...
####.#...............# #.....#.≈8
.....#..############.#######.#.≈≈
#.....# #...........#.#.≈#
+.....# #.###.#####'#.#+##
#.....#######.#.....#.........
#.............#.#..#P≈.P..###.
#.....#########.#.P≈.P≈....###


You could see a bat and 2 friendly rats.

Vanquished Creatures
  A leopard gecko (D:1)
  A frilled lizard (D:1)
2 creatures vanquished.

Vanquished Creatures (collateral kills)
  A giant cockroach (D:1)
  3 hobgoblins (D:1)
  A rat (D:1)
5 creatures vanquished.

Grand Total: 7 creatures vanquished

Notes
Turn   | Place    | Note
-------+----------+-------------------------------------------
     0 | D:1      | Alarkh the Mummy Summoner began the quest for the Orb.
     0 | D:1      | Reached XP level 1. HP: 13/13 MP: 3/3
   699 | D:1      | Slain by a bat

Action                   || total
-------------------------++-------
Melee: Unarmed           ||    30
 Cast: Summon Small Mamm ||    21
 Stab: Distracted        ||     2
Armor: Robe              ||     6
Dodge: Dodged            ||    21
